 Dungeon Crawl Stone Soup version 0.30.1-4-g462c640d31 (webtiles) character file.

Game seed: 10080539871253830210

1 Graphine the Ruffian (level 1, -9/16 HPs)
             Began as a Draconian Transmuter on Aug 26, 2023.
             Mangled by a gnoll
             ... wielding a +0 flail
              (12 damage)
             ... on level 1 of the Dungeon.
             The game lasted 00:00:16 (66 turns).

Graphine the Ruffian (Draconian Transmuter)           Turns: 66, Time: 00:00:17

Health: -9/16      AC:  4    Str: 12    XL:     1   Next: 16%
Magic:  2/3        EV: 12    Int: 13    God:
Gold:   27         SH:  0    Dex: 11    Spells: 3/4 levels left

rFire   . .          .
                       - Unarmed
rCold   . . .        (no shield)
rNeg    . . .        (body armour unavailable)
rPois   .            (helmet currently unavailable)
rElec   .            (no cloak)
rCorr   .            (no gloves)
SInv    .            (boots currently unavailable)
Will    .....        (no amulet)
Stlth   +            (no ring)
HPRegen 0.22/turn    (no ring)
MPRegen 0.08/turn

%: no passive effects
@: appendages (expiring)
A: horns 2, talons 2, AC +4, unfitting armour, cold-blooded
a: End Transformation


You were on level 1 of the Dungeon.
You had temporarily grown beastly horns and talons.
You visited 1 branch of the dungeon, and saw 1 of its levels.

You collected 27 gold pieces.

Inventory:

Scrolls
 b - a scroll of teleportation {unknown}
Potions
 a - a potion of lignification


   Skills:
 + Level 1.1 Fighting
 + Level 1.8 Dodging
 + Level 3.0 Unarmed Combat
 + Level 2.0 Spellcasting
 + Level 2.0 Transmutations


You had 3 spell levels left.
You knew the following spells:

 Your Spells              Type           Power      Damage    Failure   Level
a - Beastly Appendage     Tmut           12%        N/A       11%         1

Your spell library contained the following spells:

 Spells                   Type           Power      Damage    Failure   Level
 Wereblood                Tmut           6%         N/A       17%         2
 Spider Form              Tmut/Pois      3%         N/A       45%         3
 Ice Form                 Ice/Tmut       3%         N/A       86%         4


Dungeon Overview and Level Annotations

Branches:
Dungeon (1/15)

Altars:


Innate Abilities, Weirdness & Mutations

You have temporarily grown beastly horns and talons.
Your plain brown scales are hard. (AC +4)
You cannot fit into any form of body armour.
You are cold-blooded and may be slowed by cold attacks.


Message History

You see here a frilled lizard corpse.
You now have 10 gold pieces.
Your magical contamination has completely faded away.
Magic restored.
b - a scroll labelled XIOPSA KOWKUKU A frilled lizard comes into view.
Found a scroll labelled ZAOLIKHL LEAMEL.
Casting: Beastly Appendage (safe; 11% risk of failure)
Confirm with . or Enter, or press ? or * to list all spells.
You grow a pair of large bovine horns.
Your feet morph into talons.
Found a stone staircase leading down.
You hit the frilled lizard.
You kill the frilled lizard!
No target in view!
Your transformation is almost over.
Your horns disappear.
Your talons disappear.
You now have 22 gold pieces (gained 12).
You now have 27 gold pieces (gained 5).
A gnoll comes into view. It is wielding a +0 flail.
The gnoll shouts!
A gnoll is nearby!
Found a stone staircase leading down.
Casting: Beastly Appendage (safe; 11% risk of failure)
Confirm with . or Enter, or press ? or * to list all spells.
You grow a pair of large bovine horns.
Your feet morph into talons.
You barely miss the gnoll. Your kick misses the gnoll.
Your headbutt misses the gnoll. The gnoll closely misses you.
You closely miss the gnoll. You claw the gnoll.
The gnoll is moderately wounded.
The gnoll hits you with a +0 flail!
Ouch! That really hurt!
* * * LOW HITPOINT WARNING * * *
You are too injured to fight recklessly!
You are too injured to fight recklessly!
You closely miss the gnoll. You headbutt the gnoll!
The gnoll is severely wounded.
Your transformation is almost over.
The gnoll hits you with a +0 flail!
Ouch! That really hurt!
You die...

.......#..^.......# ..
#...##...†........# .#
#......#..........##.#####.
......##.......†...........
...... #...................
..... ##.##.#####.........
... #.##.# #...>..... ###
#..#.# #......... ##.#@#
#......... #.?g.#
#......... #....#
########## ##...# #...#
#...# #.>.# #####


You could see a gnoll.

Vanquished Creatures
  2 frilled lizards (D:1)
2 creatures vanquished.

Notes
Turn   | Place    | Note
-------+----------+-------------------------------------------
     0 | D:1      | Graphine the Draconian Transmuter began the quest for the
                  | Orb.
     0 | D:1      | Reached XP level 1. HP: 16/16 MP: 3/3
    66 | D:1      | Mangled by a gnoll

Illustrated notes

Levels and vault maps discovered:
D:1:      spicycebolla_arrival_clurvy, layout_rooms

Action                     || total
---------------------------++-------
  Melee: Unarmed           ||     5
         Kick              ||     1
         Headbutt          ||     1
   Cast: Beastly Appendage ||     2
  Dodge: Dodged            ||     1
